 Seeded DCSS version 0.24.1-8-ga250c9d538 (webtiles) character file.

Game seed: 16822949236002016354, levelgen mode: deterministic

26 Masnef the Sneak (level 3, 20/21 HPs)
             Began as an Octopode Enchanter on Apr 28, 2020.
             Got out of the dungeon alive.
             The game lasted 00:02:13 (903 turns).

Masnef the Sneak (Octopode Enchanter)                Turns: 903, Time: 00:02:13

Health: 20/21      AC:  1    Str:  7    XL:     3   Next: 8%
Magic:  6/6        EV: 13    Int: 18    God:
Gold:   26         SH:  0    Dex: 12    Spells: 3/6 levels left

rFire    . . .     SeeInvis .   a - +1 dagger
rCold    . . .     Gourm    .   (no shield)
rNeg     . . .     Faith    .   (helmet restricted)
rPois    .         Spirit   .   (no amulet)
rElec    .         Reflect  .   (no ring)
rCorr    .         Harm     .   (no ring)
MR       .....                  (no ring)
Stlth    ++++......             (no ring)
HPRegen  0.07/turn              (no ring)
MPRegen  0.10/turn              (no ring)
                                (no ring)
                                (no ring)

@: no status effects
A: almost no armour, stealthy swim, amphibious, 8 rings, constrict 8, camouflage
1, gelatinous body 1
a: no special abilities


You escaped.
You were not hungry.

You visited 1 branch of the dungeon, and saw 1 of its levels.

You collected 26 gold pieces.

Inventory:

Hand Weapons
 a - a +1 dagger (weapon)
Scrolls
 b - 3 scrolls of identify {unknown}
 d - a scroll of fog {unknown}
Comestibles
 c - a ration


   Skills:
 * Level 1.8 Short Blades
 - Level 2.0 Dodging
 + Level 5.0 Stealth
 - Level 2.0 Spellcasting
 + Level 3.2 Hexes


You had 3 spell levels left.
You knew the following spells:

 Your Spells              Type           Power        Failure   Level  Hunger
a - Corona                Hex            ##.....      4%          1    #......
b - Ensorcelled Hibernat  Hex/Ice        #.....       14%         2    ###....

Your spell library contained the following spells:

 Spells                   Type           Power        Failure   Level  Hunger
 Confuse                  Hex            ##......     14%         3    ###....
 Tukima's Dance           Hex            ##......     14%         3    ###....
 Dazzling Spray           Conj/Hex       #.....       28%         3    ###....


Dungeon Overview and Level Annotations

Branches:
Dungeon (1/15)

Altars:


Innate Abilities, Weirdness & Mutations

You cannot wear most types of armour.
You are very stealthy in the water. (Stealth+)
You are amphibious.
You can wear up to eight rings at the same time.
You can use your tentacles to constrict eight enemies at once.
Your skin changes colour to match your surroundings (Stealth+).
Your rubbery body absorbs attacks. (AC +1, EV +1)


Message History

The giant cockroach is heavily wounded.
You constrict the giant cockroach, but do no damage.
The giant cockroach bites you but does no damage.
You hit the giant cockroach but do no damage.
The giant cockroach is heavily wounded.
You constrict the giant cockroach. The giant cockroach barely misses you.
You barely miss the giant cockroach.
The giant cockroach is severely wounded.
You constrict the giant cockroach.
You kill the giant cockroach!
Your Stealth skill increases to level 5!
No target in view!
Warning: Full pregeneration is not allowed on this build of crawl. (~/.crawlrc:65) Welcome back, Masnef the Octopode Enchanter.
Press ? for a list of commands and other information.
You see here a giant cockroach corpse.
A gnoll comes into view. It is wielding a +0 whip.
There is a staircase leading out of the dungeon here.
Are you sure you want to leave the Dungeon?
This will make you lose the game!
You have escaped!

>....g+.......†.........
......#.##.#############
......+.##... ...######
......#..##### #.(.....#
#.....## #.......#
####.8....## #.......#
#≈≈≈.......## #.......#
#≈≈≈≈.......###.......#
#>≈§≈.@8..8..##.......#
#≈≈≈≈.................#
#≈≈≈.......#####+#.....
####.8...[## #.####
##.....###### #.#
#...........##+#)####
#....................
#....................
#....................


There were no monsters in sight!

Vanquished Creatures
  An ooze (D:1)
  A dart slug (D:1)
  A giant cockroach (D:1)
  5 goblins (D:1)
  5 jackals (D:1)
  2 kobolds (D:1)
  A rat (D:1)
16 creatures vanquished.

Notes
Turn   | Place    | Note
-------+----------+-------------------------------------------
     0 | D:1      | Masnef the Octopode Enchanter began the quest for the Orb.
     0 | D:1      | Reached XP level 1. HP: 11/11 MP: 3/3
   339 | D:1      | Reached XP level 2. HP: 15/17 MP: 3/5
   489 | D:1      | Learned a level 2 spell: Ensorcelled Hibernation
   862 | D:1      | Reached XP level 3. HP: 21/21 MP: 6/6
   886 | D:1      | Reached skill level 5 in Stealth
   903 | D:$      | Got out of the dungeon alive.

Levels and vault maps discovered:
D:1:      grunt_arrival_lava_bath, layout_basic

Skill      XL: |  1  2  3 |
---------------+----------+-----
Stealth        | 5 |  5.0
Short Blades   | |  1.8
Dodging        | |  2.0
Spellcasting   | |  2.0
Hexes          | |  3.2

Action                   || total
-------------------------++-------
Melee: Dagger            ||    40
       Tentacles         ||     7
       Constrict         ||     7
 Cast: Corona            ||     2
 Stab: Sleeping          ||     4
Armor: Skin              ||     5
Dodge: Dodged            ||    17
